[Event "Titled Tuesday Blitz October 11 Late 2022"]
[White "Vargas, Mauricio"]
[Black "Vovk, Orest"]
[WhiteFideId "4404572"]
[BlackFideId "14113490"]
[WhiteElo "2025"]
[BlackElo "2215"]
[Result "0-1"]
[Round "03"]
[TimeControl "180+1"]
[Date "2022.10.12"]
[WhiteClock "0:00:29"]
[BlackClock "0:00:26"]

1. e4 c5 2. Nc3 d6 3. f4 Nd7 4. Nf3 Ngf6 5. Bb5 a6 6. Bxd7+ Nxd7 7. O-O b5 8. d3 Bb7 9. Qe1 e6 10. Qg3 Qf6 11. Nh4 Be7 12. f5 Qxh4 13. fxe6 fxe6 14. Qxg7 Rf8 15. Bh6 Rxf1+ 16. Rxf1 O-O-O 17. Rf7 Bf6 18. Qg3 Qxh6 19. Qxd6 Bd4+ 20. Kf1 Qc1+ 21. Ke2 Qxc2+ 22. Kf3 Ne5+ 23. Kg3 Rxd6 24. Rf8+ Kc7 25. Rf7+ Kb6 26. a4 bxa4 27. Rf1 Qxc3 28. bxc3 Bxc3 29. Rb1+ Ka7 30. Rc1 Bd4 31. Rc2 a3 32. Ra2 Bb2 33. Kf4 Nxd3+ 34. Ke3 Ne5 35. Kf4 c4 36. Ke3 c3 37. g4 c2 38. h4 c1=Q+ 39. Ke2 0-1


[Site "https://www.chess.com"]

[Event "Titled Tuesday Blitz October 11 Late 2022"]
[White "Vazquez, Guillermo"]
[Black "Azaladze, Shota"]
[WhiteFideId "3702308"]
[BlackFideId "13603027"]
[WhiteElo "2543"]
[BlackElo "2439"]
[Result "1-0"]
[Round "03"]
[TimeControl "180+1"]
[Date "2022.10.11"]
[WhiteClock "0:00:02"]
[BlackClock "0:00:07"]

1. b3 c5 2. Bb2 Nc6 3. c4 d6 4. Nc3 Nf6 5. g3 e6 6. Bg2 Be7 7. Nf3 O-O 8. d4 Bd7 9. d5 exd5 10. cxd5 Nb4 11. O-O Re8 12. e4 Bg4 13. h3 Bxf3 14. Bxf3 Nd7 15. a3 Na6 16. Bg2 Bf6 17. f4 Bd4+ 18. Kh1 Nc7 19. Qc2 Qf6 20. Rad1 Re7 21. e5 Qh6 22. Ne4 Ne8 23. Bc1 f5 24. Ng5 Qg6 25. e6 Ndf6 26. g4 fxg4 27. Qe2 Qh5 28. b4 b6 29. f5 Nc7 30. Bf4 Rd8 31. bxc5 bxc5 32. Nf7 Rxf7 33. exf7+ Kxf7 34. Rb1 Kg8 35. Rb7 Re8 36. Qd1 Ncxd5 37. Qb3 gxh3 38. Bxd5+ Nxd5 39. Qxd5+ Kh8 40. Qf3 Qxf5 41. Bg3 Qg6 42. Qf8+ Rxf8 43. Rxf8# 1-0


[Site "https://www.chess.com"]

[Event "Titled Tuesday Blitz October 11 Late 2022"]
[White "Vega Gutierrez, Sabrina"]
[Black "Ismagilov, Damir"]
[WhiteFideId "2219026"]
[BlackFideId "34199982"]
[WhiteElo "2261"]
[BlackElo "2106"]
[Result "1-0"]
[Round "03"]
[TimeControl "180+1"]
[Date "2022.10.12"]
[WhiteClock "0:00:09"]
[BlackClock "0:00:01"]

1. e4 e5 2. Nf3 Nc6 3. Nc3 Nf6 4. g3 Bb4 5. Bg2 O-O 6. O-O d6 7. d3 h6 8. h3 Be6 9. Kh2 Bxc3 10. bxc3 d5 11. exd5 Bxd5 12. c4 Be6 13. Re1 e4 14. dxe4 Qxd1 15. Rxd1 Nxe4 16. Be3 Bxc4 17. Nd4 Nxd4 18. Rxd4 Nd6 19. Bf4 Ba6 20. c4 Nxc4 21. Rc1 c6 22. Rdxc4 Bxc4 23. Rxc4 Rfe8 24. Be3 Re5 25. Rb4 Re7 26. Ra4 a6 27. Bb6 Rd7 28. Re4 f6 29. a4 Kf7 30. Bf1 f5 31. Bc4+ Kg6 32. Re6+ Kh7 33. h4 f4 34. gxf4 Rf8 35. Kg3 Rd1 36. h5 Rf5 37. Bb3 Rd3+ 38. Re3 Rxe3+ 39. fxe3 Rxh5 40. Be6 Rh1 41. Bc8 Re1 42. Bxb7 Rb1 43. a5 g6 44. Bxa6 Rb3 45. Bc4 Ra3 46. a6 Ra4 47. a7 h5 48. Bb3 1-0


[Site "https://www.chess.com"]

[Event "Titled Tuesday Blitz October 11 Late 2022"]
[White "Vrbljanac, Aleksandar"]
[Black "Boruchovsky, Avital"]
[WhiteFideId "932817"]
[BlackFideId "2800055"]
[WhiteElo "2309"]
[BlackElo "2466"]
[Result "1-0"]
[Round "03"]
[TimeControl "180+1"]
[Date "2022.10.12"]
[WhiteClock "0:00:04"]
[BlackClock "0:00:06"]

1. e4 c5 2. Nf3 e6 3. g3 Nc6 4. Bg2 Nf6 5. Qe2 d5 6. exd5 Nxd5 7. O-O Be7 8. Rd1 O-O 9. d4 cxd4 10. Nxd4 Qb6 11. Nxc6 bxc6 12. c4 Ba6 13. Nd2 Rfd8 14. Qf3 Nb4 15. a3 Nc2 16. Rb1 Nd4 17. Qg4 f5 18. Qh3 Ne2+ 19. Kf1 Nxc1 20. Rbxc1 Qxb2 21. Nf3 Bc5 22. Kg1 Qxf2+ 23. Kh1 Bxc4 24. Ne5 Rxd1+ 25. Rxd1 Be2 26. Rb1 Bd4 27. Nxc6 Bf3 28. Nxd4 Bg4 29. Qh4 Re8 30. h3 Qxd4 31. hxg4 Qd3 32. Re1 e5 33. gxf5 Qxf5 34. Qc4+ Kh8 35. Qe4 Qf6 36. Rf1 Qh6+ 37. Kg1 Qb6+ 38. Kh2 g6 39. Rf7 Kg8 40. Qc4 Re6 41. Rd7 Kf8 42. Qf1+ Ke8 43. Qf7# 1-0


[Site "https://www.chess.com"]

[Event "Titled Tuesday Blitz October 11 Late 2022"]
[White "Wagner, Dennis"]
[Black "Dubov, Daniil"]
[WhiteFideId "24650684"]
[BlackFideId "24126055"]
[WhiteElo "2470"]
[BlackElo "2791"]
[Result "0-1"]
[Round "03"]
[TimeControl "180+1"]
[Date "2022.10.11"]
[WhiteClock "0:00:03"]
[BlackClock "0:00:05"]

1. d4 Nf6 2. c4 c5 3. d5 e6 4. Nc3 exd5 5. cxd5 d6 6. e4 g6 7. f4 Bg7 8. Bb5+ Nfd7 9. a4 O-O 10. Nf3 Na6 11. O-O Nb4 12. Ra3 Nf6 13. h3 a6 14. Bc4 Re8 15. e5 Nd7 16. Ng5 Nb6 17. Qe2 dxe5 18. d6 Nxc4 19. Qxc4 Be6 20. Nxe6 Rxe6 21. f5 gxf5 22. Be3 Rc8 23. Rxf5 Qxd6 24. Ne4 Qd5 25. Qxd5 Nxd5 26. Bxc5 b6 27. Bf2 Ne7 28. Rg5 h6 29. Rgg3 f5 30. Nc3 Kf7 31. Rb3 Rcc6 32. Rd3 Ke8 33. Rd1 e4 34. Nd5 Red6 35. Nc7+ Kd7 36. Rxd6+ Rxd6 37. Nxa6 Nd5 38. Nb4 e3 39. Be1 f4 40. Kf1 Ne7 41. Nd3 Ng6 42. Ke2 Ke6 43. Rb5 Rc6 44. Bc3 Bxc3 45. bxc3 Rxc3 46. Rxb6+ Kf5 47. g4+ fxg3 48. Kxe3 Ne5 49. Rxh6 Rxd3+ 50. Ke2 Ra3 51. Rh5+ Kf4 52. Rh4+ Kf5 53. Rh5+ Kf6 54. Rh6+ Kg5 55. Rh8 Ng6 56. Kf1 Nf4 57. Rg8+ Kf5 58. Rf8+ Ke4 59. Re8+ Kf3 60. Re1 g2+ 61. Kg1 Kg3 0-1


[Site "https://www.chess.com"]

[Event "Titled Tuesday Blitz October 11 Late 2022"]
[White "Ward, Ieuan C"]
[Black "Gatineau, Yovann"]
[WhiteFideId "406627"]
[BlackFideId "26028999"]
[WhiteElo "2350"]
[BlackElo "2275"]
[Result "0-1"]
[Round "03"]
[TimeControl "180+1"]
[Date "2022.10.12"]
[WhiteClock "0:00:16"]
[BlackClock "0:00:04"]

1. d4 Nf6 2. c4 g6 3. Nc3 d5 4. cxd5 Nxd5 5. e4 Nxc3 6. bxc3 Bg7 7. Nf3 c5 8. Rb1 O-O 9. Be2 Nc6 10. d5 Ne5 11. Qc2 Nxf3+ 12. Bxf3 f5 13. O-O Qd6 14. c4 Be5 15. h3 fxe4 16. Bxe4 Bf5 17. Rxb7 Bd4 18. Bg5 Qg3 19. Bxf5 Rxf5 20. Bxe7 Rf7 21. d6 Qe5 22. Rbb1 Qf4 23. Rbe1 Kg7 24. d7 Qc7 25. d8=Q Rxd8 26. Bxd8 Qxd8 27. Qe4 Qf6 28. Qe2 h5 29. Rd1 Qf4 30. Rd2 Qg5 31. Re1 Bxf2+ 32. Kh1 Bxe1 33. Qxe1 h4 34. Re2 Qf4 35. Re7 Qxc4 36. Rxf7+ Kxf7 37. Qxh4 Qxh4 0-1


[Site "https://www.chess.com"]

[Event "Titled Tuesday Blitz October 11 Late 2022"]
[White "Weber, Samuel"]
[Black "Sabar, Ethmane Daouda"]
[WhiteFideId "12924008"]
[BlackFideId "19600097"]
[WhiteElo "2215"]
[BlackElo "1950"]
[Result "1-0"]
[Round "03"]
[TimeControl "180+1"]
[Date "2022.10.12"]
[WhiteClock "0:00:31"]
[BlackClock "0:00:04"]

1. d4 d5 2. Bf4 Nf6 3. e3 Bf5 4. c3 e6 5. Bd3 Nbd7 6. Nf3 Ne4 7. Nbd2 Be7 8. Bxe4 dxe4 9. Ng1 g5 10. Bg3 h5 11. h3 Nf6 12. Be5 Qd7 13. Ne2 h4 14. O-O O-O-O 15. c4 g4 16. hxg4 Bxg4 17. f3 exf3 18. gxf3 Bh3 19. Rf2 Rhg8+ 20. Kh2 Bf5 21. e4 Bh7 22. c5 Nh5 23. Nc4 f6 24. Bf4 Bxc5 25. Qb3 Nxf4 26. dxc5 Nxe2 27. Rxe2 Qg7 28. Na5 Qg3+ 29. Kh1 b6 30. Qxe6+ Kb8 31. Nc6+ Kb7 32. Nxd8+ Rxd8 33. c6+ Kb8 34. Qg4 1-0


[Site "https://www.chess.com"]

[Event "Titled Tuesday Blitz October 11 Late 2022"]
[White "Winterberg, Lukas"]
[Black "Kislinsky, Alexey"]
[WhiteFideId "24622702"]
[BlackFideId "14108801"]
[WhiteElo "2349"]
[BlackElo "2260"]
[Result "1/2-1/2"]
[Round "03"]
[TimeControl "180+1"]
[Date "2022.10.12"]
[WhiteClock "0:00:05"]
[BlackClock "0:00:12"]

1. d4 Nf6 2. Nf3 d6 3. c4 g6 4. Nc3 Bg7 5. e4 Bg4 6. Be2 O-O 7. O-O Nfd7 8. Be3 c5 9. d5 Na6 10. Ne1 Bxe2 11. Qxe2 Nc7 12. a4 a6 13. f4 Rb8 14. Nf3 e6 15. dxe6 Nxe6 16. Rad1 Bxc3 17. bxc3 Qe7 18. Qd3 f5 19. exf5 Rxf5 20. Qxd6 Qxd6 21. Rxd6 Ndf8 22. Ne5 Rc8 23. g4 Rf6 24. f5 gxf5 25. gxf5 Rc7 26. Rf2 Rg7+ 27. Kf1 Re7 28. fxe6 Rfxe6 29. Rxe6 Rxe6 30. Bf4 Rb6 31. Rg2+ Ng6 32. Nxg6 hxg6 33. Be3 Kf7 34. Bxc5 Rc6 35. Bd4 Rxc4 36. a5 Ra4 37. Rb2 Rxa5 38. Rxb7+ Ke6 39. Kg2 Ra2+ 40. Kg3 a5 41. h4 a4 42. Ra7 Ra1 43. Kf4 a3 44. Ra6+ Kd5 45. Kg5 a2 46. Kxg6 Kc4 47. h5 Kb3 48. c4 Rd1 49. Bf6 Rg1+ 50. Kh7 Rf1 51. Bg7 Rf2 52. c5 Rc2 53. c6 Rc4 54. h6 Rb4 55. Kg8 Rb8+ 56. Kh7 Rc8 57. Kg6 Kb4 58. h7 Kb5 59. Rxa2 Rxc6+ 60. Bf6 Rc2 61. h8=Q Rxa2 62. Bg5 Ra4 63. Bf6 Ra6 64. Qb8+ Rb6 65. Qe5+ Ka6 66. Kf5 Rb5 67. Qxb5+ Kxb5 1/2-1/2


[Site "https://www.chess.com"]

[Event "Titled Tuesday Blitz October 11 Late 2022"]
[White "Yanchenko, Roman"]
[Black "Hirneise, Jens"]
[WhiteFideId "4137329"]
[BlackFideId "24614734"]
[WhiteElo "2514"]
[BlackElo "2344"]
[Result "1-0"]
[Round "03"]
[TimeControl "180+1"]
[Date "2022.10.12"]
[WhiteClock "0:00:49"]
[BlackClock "0:00:22"]

1. d4 d5 2. c4 e6 3. Nc3 h6 4. Bf4 a6 5. e3 Nf6 6. Nf3 Bb4 7. Qa4+ Nc6 8. Ne5 Bxc3+ 9. bxc3 Bd7 10. Nxd7 Qxd7 11. Rb1 Qc8 12. Be5 Nd7 13. cxd5 Ndxe5 14. dxc6 Nxc6 15. g3 O-O 16. Bg2 Nd8 17. O-O c6 18. c4 Qd7 19. Rb6 Rc8 20. Rfb1 Rc7 21. h4 h5 22. Qa5 g6 23. Qg5 Qe7 24. Qf4 Kg7 25. a4 Rd7 26. c5 Qf6 27. Qg5 Qxg5 28. hxg5 Re8 29. f4 Ree7 30. Kf2 Rc7 31. Bf3 Red7 32. Ke2 Re7 33. Kd3 Rcd7 34. Kc4 Re8 35. R6b2 Ree7 36. Kb4 Kf8 37. Ka5 Rc7 38. Rh2 Ke8 39. Kb6 Kd7 40. g4 hxg4 41. Bxg4 Re8 42. Rbh1 Rc8 43. Rh8 Rxh8 44. Rxh8 Ke7 45. Be2 Kd7 46. Bd3 Rc7 47. Rh7 Kc8 48. Rh8 Rd7 49. Rg8 Re7 50. Bc2 Kd7 51. Rh8 Re8 52. Rh7 Ke7 53. Bxg6 1-0


[Site "https://www.chess.com"]

[Event "Titled Tuesday Blitz October 11 Late 2022"]
[White "Yano, William Jorge Froes"]
[Black "Besedes, Danilo"]
[WhiteFideId "2112949"]
[BlackFideId "946796"]
[WhiteElo "2122"]
[BlackElo "2352"]
[Result "0-1"]
[Round "03"]
[TimeControl "180+1"]
[Date "2022.10.12"]
[WhiteClock "0:00:15"]
[BlackClock "0:00:08"]

1. e4 e6 2. d4 d5 3. Nc3 dxe4 4. Nxe4 Bd7 5. Nf3 Bc6 6. Bd3 Nd7 7. Qe2 Ngf6 8. Neg5 Bd6 9. Bd2 h6 10. Nxe6 fxe6 11. Bg6+ Kf8 12. O-O-O Qe7 13. Nh4 Kg8 14. Rhe1 Nf8 15. f4 Be8 16. Bd3 Nd5 17. g3 Nxf4 18. gxf4 Qxh4 19. Rg1 Bxf4 20. Kb1 Bxd2 21. Rxd2 Qf6 22. Qe3 g5 23. h4 Qg7 24. Rdg2 Bg6 25. hxg5 h5 26. Bc4 Re8 27. Rf2 Rh7 28. Rf6 Nd7 29. Rxe6 Rxe6 30. Bxe6+ Kh8 31. Qf4 Qe7 32. Bxd7 Rf7 33. Qxc7 Qxd7 34. Qb8+ Kh7 35. Qe5 Qg4 36. Rc1 Qf5 37. Qd6 Qxg5 38. Ka1 Qf5 39. c3 a6 40. a3 Rd7 41. Qb8 Bf7 42. Re1 Qd5 43. Kb1 Qa2+ 44. Kc1 Qa1+ 45. Kd2 Qxb2+ 46. Kd3 Bg6+ 47. Kc4 Qa2+ 48. Kb4 Qb2+ 49. Kc5 Qb5# 0-1


[Site "https://www.chess.com"]

[Event "Titled Tuesday Blitz October 11 Late 2022"]
[White "Yi, Richard"]
[Black "Vujcic, Milena"]
[WhiteFideId "2079518"]
[BlackFideId "954748"]
[WhiteElo "2147"]
[BlackElo "1931"]
[Result "1-0"]
[Round "03"]
[TimeControl "180+1"]
[Date "2022.10.12"]
[WhiteClock "0:01:02"]
[BlackClock "0:00:01"]

1. Nf3 g6 2. e4 Bg7 3. d4 d6 4. Nc3 Nf6 5. Be2 c6 6. O-O b5 7. h3 b4 8. e5 Nfd7 9. Ne4 dxe5 10. d5 O-O 11. Be3 Bb7 12. d6 exd6 13. Qxd6 f5 14. Neg5 Qf6 15. Bc4+ Kh8 16. Ne6 Rc8 17. Bg5 Qf7 18. Bb3 Qe8 19. Nc7 Rxc7 20. Qxc7 Qc8 21. Qd6 Nb6 22. Rad1 N8d7 23. Be6 Nf8 24. Bxc8 1-0


[Site "https://www.chess.com"]

[Event "Titled Tuesday Blitz October 11 Late 2022"]
[White "Zeynalli, Rashad"]
[Black "Thiel, Thomas"]
[WhiteFideId "13403320"]
[BlackFideId "4615964"]
[WhiteElo "2125"]
[BlackElo "2320"]
[Result "1-0"]
[Round "03"]
[TimeControl "180+1"]
[Date "2022.10.12"]
[WhiteClock "0:00:05"]
[BlackClock "0:00:05"]

1. d4 Nf6 2. Bf4 d5 3. e3 c5 4. c3 Qb6 5. Qb3 c4 6. Qc2 Nc6 7. Nd2 g6 8. e4 Nxe4 9. Nxe4 dxe4 10. Bxc4 Bg7 11. Qb3 O-O 12. Ne2 e5 13. Be3 exd4 14. Qxb6 axb6 15. cxd4 Rd8 16. O-O Nxd4 17. Nxd4 Bxd4 18. Rfd1 Bf6 19. Bxb6 Rxd1+ 20. Rxd1 Be6 21. Bxe6 fxe6 22. g4 Rxa2 23. Rd7 Rxb2 24. Be3 b5 25. Rd6 Kf7 26. Rd7+ Ke8 27. Rxh7 b4 28. Rh6 Kf7 29. Rh7+ Kg8 30. Rb7 b3 31. g5 Be5 32. Rb5 Bd6 33. Rb6 Rc2 34. Rxb3 Kf7 35. Rb7+ Kf8 36. Rb6 Ke7 37. Ra6 Rc7 38. Ra4 Bc5 39. Rc4 Bd6 40. Rxe4 Rb7 41. Ra4 Kf7 42. Kg2 Be7 43. h3 Rb5 44. Rf4+ Ke8 45. h4 Bc5 46. Rf6 Bxe3 47. fxe3 Re5 48. Kf3 Rf5+ 49. Rxf5 exf5 50. e4 fxe4+ 51. Kxe4 Kd7 52. Kd5 Ke7 53. Ke5 Kf7 54. Kd6 1-0


[Site "https://www.chess.com"]

[Event "Titled Tuesday Blitz October 11 Late 2022"]
[White "Zhigalko, Sergei"]
[Black "Suder, Jakub"]
[WhiteFideId "13502956"]
[BlackFideId "1195310"]
[WhiteElo "2662"]
[BlackElo "2174"]
[Result "1/2-1/2"]
[Round "03"]
[TimeControl "180+1"]
[Date "2022.10.12"]
[WhiteClock "0:00:02"]
[BlackClock "0:00:04"]

1. e4 c5 2. Nf3 e6 3. c3 Nf6 4. e5 Nd5 5. Bc4 d6 6. d4 cxd4 7. cxd4 Nb6 8. Bd3 Bd7 9. Bg5 Be7 10. Bxe7 Qxe7 11. Nc3 Bc6 12. O-O N8d7 13. Re1 O-O 14. Qe2 dxe5 15. dxe5 Rac8 16. Ne4 Rc7 17. Rad1 Bxe4 18. Qxe4 g6 19. Qf4 Nd5 20. Qh6 Rd8 21. Be4 Nf8 22. Bxd5 Rxd5 23. Rxd5 exd5 24. Qd2 Rd7 25. h4 h5 26. g3 Ne6 27. Nd4 Nxd4 28. Qxd4 b6 29. Rc1 Qe6 30. b4 Re7 31. f4 Qg4 32. Rc3 Qe2 33. Rc1 Kh7 34. Qf2 Qe4 35. a3 d4 36. Re1 Qd5 37. Rd1 d3 38. Rd2 Rc7 39. Qe3 Rc1+ 40. Kf2 Qh1 41. Qxd3 Qg1+ 42. Kf3 Qh1+ 43. Ke3 Qg1+ 44. Ke4 Qh1+ 45. Kd4 Qg1+ 46. Ke4 Qh1+ 47. Ke3 Qg1+ 48. Ke4 1/2-1/2


[Site "https://www.chess.com"]

[Event "Titled Tuesday Blitz October 11 Late 2022"]
[White "Zhukov, Maksim"]
[Black "Le Goff, Ronan"]
[WhiteFideId "34181790"]
[BlackFideId "612073"]
[WhiteElo "1929"]
[BlackElo "2276"]
[Result "0-1"]
[Round "03"]
[TimeControl "180+1"]
[Date "2022.10.12"]
[WhiteClock "0:00:03"]
[BlackClock "0:00:16"]

1. Nf3 Nf6 2. g3 e6 3. Bg2 d5 4. O-O Be7 5. d3 O-O 6. Nbd2 a5 7. e4 a4 8. e5 Nfd7 9. Re1 c5 10. Nf1 Nc6 11. h4 Qc7 12. Bf4 b5 13. N1h2 Ba6 14. h5 Rfc8 15. Ng4 Qd8 16. h6 g6 17. Qc1 c4 18. d4 b4 19. Bg5 Bxg5 20. Nxg5 Nxd4 21. Qf4 Nf5 22. Ne3 Nxh6 23. Nxe6 fxe6 24. Qxh6 Qf8 25. Qg5 Ra7 26. Ng4 Kh8 27. Nf6 Nxf6 28. exf6 Re8 29. Qe5 Rf7 30. Bxd5 Rxf6 31. Rad1 Kg8 32. f4 a3 33. bxa3 bxa3 34. Bc6 Re7 35. Rd6 Rf5 36. Qd4 Qf6 37. Qb6 Kg7 38. Qxa6 Qc3 39. Kf2 Qxc2+ 40. Re2 Qc1 41. Be4 Rf6 42. Bd5 Ref7 43. Qxc4 Rxf4+ 44. gxf4 Rxf4+ 45. Qxf4 Qxf4+ 46. Bf3 Qxd6 47. Kg2 e5 0-1


[Site "https://www.chess.com"]

[Event "Titled Tuesday Blitz October 11 Late 2022"]
[White "Zierk, Steven"]
[Black "O`Gorman, Tom"]
[WhiteFideId "2034255"]
[BlackFideId "2508249"]
[WhiteElo "2494"]
[BlackElo "2271"]
[Result "1-0"]
[Round "03"]
[TimeControl "180+1"]
[Date "2022.10.12"]
[WhiteClock "0:00:16"]
[BlackClock "0:00:17"]

1. e4 c5 2. Nf3 d6 3. d4 cxd4 4. Nxd4 Nf6 5. Nc3 a6 6. h3 e6 7. g4 Nfd7 8. Be3 Be7 9. Qd2 Nc6 10. g5 Nxd4 11. Qxd4 Bxg5 12. Bxg5 Qxg5 13. Qxd6 Qe7 14. Qg3 O-O 15. Rg1 f6 16. O-O-O b5 17. Bd3 Ne5 18. f4 Nxd3+ 19. Qxd3 Bb7 20. Qd7 Qxd7 21. Rxd7 Rf7 22. Rd6 b4 23. Na4 Bxe4 24. Nc5 Bf5 25. Nxe6 Rc8 26. Nd4 Bxh3 27. Rxa6 Rd7 28. Nc6 Rb7 29. Re1 Kf7 30. Rd1 Bd7 31. Nxb4 Bg4 32. Rd4 h5 33. b3 h4 34. f5 Bxf5 35. Rxh4 g5 36. Rd4 g4 37. Rdd6 Rc5 38. Rxf6+ Kg7 39. Rfc6 g3 40. Rxc5 g2 41. Rc4 g1=Q+ 42. Kb2 Bg6 43. Rd6 Bf7 44. Rcd4 Qg5 45. Nd3 Qb5 46. Rg4+ Kf8 47. Rdd4 Qa5 48. Rgf4 Kg8 49. Rde4 Rc7 50. Nb4 Qc5 51. Rg4+ Kf8 52. Rg3 Rb7 53. Nd3 Rc7 54. Nxc5 Rxc5 55. Rf3 1-0


[Site "https://www.chess.com"]

[Event "Titled Tuesday Blitz October 11 Late 2022"]
[White "miragha_yev"]
[Black "Fedoseev, Vladimir"]
[BlackFideId "24130737"]
[WhiteElo "2790"]
[BlackElo "2726"]
[Result "0-1"]
[Round "03"]
[TimeControl "180+1"]
[Date "2022.10.11"]
[WhiteClock "0:00:16"]
[BlackClock "0:00:05"]

1. e4 c5 2. Nf3 e6 3. g3 Nc6 4. Bg2 g6 5. d4 cxd4 6. Nxd4 a6 7. Nxc6 bxc6 8. Qd4 f6 9. O-O Qc7 10. c4 c5 11. Qd3 Bb7 12. Nc3 Ne7 13. Bf4 Qb6 14. Na4 Qc6 15. b3 Nf5 16. Rad1 e5 17. Be3 Nd4 18. f4 d6 19. Nc3 Be7 20. Nd5 Bd8 21. fxe5 dxe5 22. Bh6 Rg8 23. Bc1 Qd6 24. Ba3 Bxd5 25. cxd5 Kf7 26. Rc1 Bb6 27. Rc4 a5 28. Rfc1 Rgc8 29. Bh3 Rc7 30. Kg2 Kg7 31. Qc3 Ne2 32. Qe3 Nxc1 33. Bxc1 f5 34. Qh6+ Kh8 35. exf5 Qxd5+ 36. Kg1 Rf7 37. Bg4 Raf8 38. h4 Rxf5 39. Bxf5 Rxf5 40. Qe3 Rf3 41. Qe1 Rd3 42. Qe2 Rd1+ 43. Kf2 Rh1 44. Ke3 Rxc1 45. Qf2 Rxc4 46. Qf8+ Qg8 47. Qf6+ Qg7 48. Qxb6 Rc3+ 49. Kd2 Rf3 50. Qb8+ Rf8 51. Qd6 e4 52. Qe6 Qd4+ 53. Kc2 Rf2+ 0-1


[Site "https://www.chess.com"]

[Event "Titled Tuesday Blitz October 11 Late 2022"]
[White "Aghasiyev, Kamal"]
[Black "Herman, Daniel"]
[WhiteFideId "13402854"]
[BlackFideId "30935008"]
[WhiteElo "2633"]
[BlackElo "2449"]
[Result "1-0"]
[Round "04"]
[TimeControl "180+1"]
[Date "2022.10.12"]
[WhiteClock "0:01:16"]
[BlackClock "0:00:35"]

1. d4 Nf6 2. c4 g6 3. Nc3 Bg7 4. e4 O-O 5. Be2 d6 6. Bg5 h6 7. Be3 Nc6 8. d5 Nb8 9. Nf3 Bg4 10. Nd4 Bxe2 11. Qxe2 c5 12. Nc2 Nbd7 13. O-O e6 14. dxe6 fxe6 15. Qd2 Ne5 16. Bxh6 Nxc4 17. Qg5 Kh7 18. Bxg7 Kxg7 19. b3 Ne5 20. f4 Nc6 21. f5 Ne5 22. fxe6 Qe7 23. Ne3 Qxe6 24. Nf5+ Kg8 25. Rad1 Rad8 26. Ne3 Nh5 27. Ncd5 Rde8 28. g4 Ng7 29. Nf6+ Rxf6 30. Rxf6 Qe7 31. Rdf1 Ne6 32. Rxg6+ Nxg6 33. Qxg6+ Ng7 34. Nf5 1-0


[Site "https://www.chess.com"]

[Event "Titled Tuesday Blitz October 11 Late 2022"]
[White "Al Hosani, Omran"]
[Black "Bilych, Olexiy"]
[WhiteFideId "9308733"]
[BlackFideId "14156504"]
[WhiteElo "2593"]
[BlackElo "2779"]
[Result "0-1"]
[Round "04"]
[TimeControl "180+1"]
[Date "2022.10.12"]
[WhiteClock "0:01:00"]
[BlackClock "0:01:07"]

1. d4 Nf6 2. c4 e6 3. Nf3 d5 4. g3 dxc4 5. Bg2 Bb4+ 6. Nbd2 b5 7. O-O Bb7 8. a4 Bxd2 9. Bxd2 a6 10. Bb4 Nd5 11. Bc5 Nd7 12. Ne5 Nxc5 13. dxc5 c6 14. axb5 axb5 15. Rxa8 Bxa8 16. Bxd5 cxd5 17. e3 O-O 18. b4 f6 19. Nf3 e5 20. Qe2 d4 21. exd4 Qd5 22. Kg2 exd4 23. Re1 d3 24. Qe3 c3 25. Ra1 d2 26. c6 Qxc6 0-1


[Site "https://www.chess.com"]

[Event "Titled Tuesday Blitz October 11 Late 2022"]
[White "Ambartsumova, Karina"]
[Black "Gokerkan, Cem Kaan"]
[WhiteFideId "4166299"]
[BlackFideId "6336760"]
[WhiteElo "2299"]
[BlackElo "2365"]
[Result "1/2-1/2"]
[Round "04"]
[TimeControl "180+1"]
[Date "2022.10.11"]
[WhiteClock "0:00:09"]
[BlackClock "0:00:08"]

1. Nf3 Nf6 2. c4 g6 3. g3 Bg7 4. Bg2 O-O 5. O-O d6 6. d4 Nbd7 7. Nc3 e5 8. e4 exd4 9. Nxd4 Re8 10. h3 a6 11. Be3 Rb8 12. Qc2 Ne5 13. b3 c5 14. Nde2 b5 15. cxb5 axb5 16. Rad1 b4 17. Na4 Qe7 18. Nf4 Bb7 19. Rfe1 Bc6 20. Nb2 Ra8 21. Qb1 h5 22. Nd5 Nxd5 23. exd5 Bd7 24. f4 Bf5 25. Qc1 Nd7 26. Na4 Qf6 27. Bf2 Qd8 28. Kh2 Nf6 29. Rxe8+ Qxe8 30. Re1 Qd8 31. Qd2 Bd7 32. Qc2 Bxa4 33. bxa4 Qd7 34. Bf1 Qxa4 35. Qxa4 Rxa4 36. Bc4 Kf8 37. Kg2 Ra8 38. Kf3 Nd7 39. g4 hxg4+ 40. hxg4 Nb6 41. Bb3 c4 42. Bxb6 cxb3 43. axb3 Ra3 44. Re3 Bc3 45. Bc7 Ra6 46. f5 Kg7 47. Re4 gxf5 48. gxf5 Kf6 49. Kg4 Kg7 50. Bd8 Ra1 51. Be7 Rg1+ 52. Kf3 Rf1+ 53. Kg4 Rg1+ 54. Kf3 Be5 55. Rxb4 Rf1+ 56. Kg4 Rg1+ 57. Kf3 Rf1+ 58. Kg4 Rd1 59. Rb7 Rxd5 60. b4 Rd4+ 61. Kf3 Rf4+ 62. Ke3 Rxf5 63. b5 Rh5 64. b6 Rh3+ 65. Ke4 Kg6 66. Rd7 Rb3 67. b7 f5+ 68. Kd5 f4 69. Bxd6 Bxd6 70. Kxd6 f3 71. Kc7 Kf5 72. Rd6 Kf4 73. Rb6 Rxb6 74. Kxb6 f2 75. b8=Q+ Kf3 76. Qf8+ Kg2 77. Qg7+ Kh2 78. Qh6+ Kg2 79. Qg5+ Kh2 80. Qh4+ Kg2 81. Qg4+ Kh2 82. Qf3 Kg1 83. Qg3+ Kh1 84. Qxf2 1/2-1/2


[Site "https://www.chess.com"]

[Event "Titled Tuesday Blitz October 11 Late 2022"]
[White "Andreikin, Dmitry"]
[Black "Sjugirov, Sanan"]
[WhiteFideId "4158814"]
[BlackFideId "4189302"]
[WhiteElo "2736"]
[BlackElo "2609"]
[Result "1-0"]
[Round "04"]
[TimeControl "180+1"]
[Date "2022.10.11"]
[WhiteClock "0:00:13"]
[BlackClock "0:00:03"]

1. Nf3 Nf6 2. g3 d5 3. Bg2 c6 4. O-O Bg4 5. d3 Nbd7 6. Nbd2 e5 7. e4 Bc5 8. Qe1 O-O 9. h3 Bxf3 10. Nxf3 dxe4 11. dxe4 h6 12. Nh4 Re8 13. Nf5 a5 14. Bd2 Qb6 15. b3 Nf8 16. Rd1 Ne6 17. c3 h5 18. Kh1 g6 19. Ne3 h4 20. Bf3 Kg7 21. Ng4 Nxg4 22. Bxg4 hxg3 23. fxg3 Nf8 24. Bc1 Rad8 25. Bg5 Be7 26. Be3 Qa6 27. Qf2 f6 28. h4 Rxd1 29. Rxd1 Rd8 30. Rxd8 Bxd8 31. Be2 Qa8 32. h5 Qc8 33. Kg2 Qd7 34. Qf1 gxh5 35. Qh1 Ng6 36. Qxh5 Qf7 37. Qh6+ Kg8 38. Bc4 1-0


[Site "https://www.chess.com"]

[Event "Titled Tuesday Blitz October 11 Late 2022"]
[White "Ardila, Oscar Humberto"]
[Black "Korkmaz, Necmettin"]
[WhiteFideId "4404742"]
[BlackFideId "6303285"]
[WhiteElo "1898"]
[BlackElo "2094"]
[Result "1-0"]
[Round "04"]
[TimeControl "180+1"]
[Date "2022.10.12"]
[WhiteClock "0:00:56"]
[BlackClock "0:01:15"]

1. d4 d5 2. c4 e5 3. Nf3 exd4 4. Qxd4 Nc6 5. Qxd5 Be6 6. Qxd8+ Rxd8 7. e3 Nb4 8. Na3 c6 9. Nd4 Bc8 10. Bd2 Na6 11. Nac2 Nf6 12. Be2 Ne4 13. Ba5 b6 14. Nxc6 bxa5 15. Nxd8 Kxd8 16. O-O-O+ Kc7 17. Rhf1 Bc5 18. f3 Nd6 19. Bd3 Nb4 20. Nxb4 Bxe3+ 21. Kb1 axb4 22. Rfe1 Bc5 23. Re7+ Kd8 24. Re5 Bf2 25. c5 Ne8 26. Bb5+ 1-0


[Site "https://www.chess.com"]

[Event "Titled Tuesday Blitz October 11 Late 2022"]
[White "Arnold, Ken"]
[Black "Vargas, Mauricio"]
[WhiteFideId "2056836"]
[BlackFideId "4404572"]
[WhiteElo "2343"]
[BlackElo "2025"]
[Result "1-0"]
[Round "04"]
[TimeControl "180+1"]
[Date "2022.10.12"]
[WhiteClock "0:00:41"]
[BlackClock "0:00:08"]

1. d4 Nf6 2. c4 g6 3. Nf3 Bg7 4. Nc3 O-O 5. Bf4 d6 6. e3 c6 7. Be2 Bf5 8. O-O Nbd7 9. h3 Ne4 10. Nxe4 Bxe4 11. Qb3 Qb6 12. Nd2 Qxb3 13. axb3 Bc2 14. Rfc1 Bf5 15. e4 Be6 16. d5 Bxb2 17. dxe6 Bxc1 18. exd7 Bxd2 19. Bxd2 Rfd8 20. Be3 a6 21. Bb6 Rxd7 22. Rd1 h5 23. g4 hxg4 24. Bxg4 e6 25. f4 f5 26. exf5 exf5 27. Bf3 Re8 28. Kf2 Kf7 29. Bd4 Ke6 30. Rg1 Kf7 31. h4 Rde7 32. h5 Re6 33. h6 Kg8 34. b4 Kh7 35. Rb1 Kxh6 36. Rh1# 1-0


[Site "https://www.chess.com"]